 Dungeon Crawl Stone Soup version 0.32-a0-43-g058985b245 (webtiles) character file.

Game seed: 17369966895868787132

17 PriceMaster the Conjurer (level 2, 0/17 HPs)
             Began as an Octopode Conjurer on Feb 5, 2024.
             Slain by a frilled lizard (2 damage)
             ... on level 1 of the Dungeon.
             The game lasted 00:01:01 (553 turns).

PriceMaster the Conjurer (Octopode Conjurer)         Turns: 553, Time: 00:01:02

Health: 0/17       AC:  1    Str:  6    XL:     2   Next: 62%
Magic:  1/5        EV: 13    Int: 20    God:
Gold:   34         SH:  0    Dex: 10    Spells: 2/5 levels left

rFire   . . .        e - +0 dagger
rCold   . . .        (no shield)
rNeg    . . .        (helmet restricted)
rPois   .            (no amulet)
rElec   .            (no ring)
rCorr   .            (no ring)
SInv    .            (no ring)
Will    +....        (no ring)
Stlth   ++++         (no ring)
HPRegen 0.22/turn    (no ring)
MPRegen 0.09/turn    (no ring)
                     (no ring)

%: no passive effects
@: enlightened, flying, very slightly contaminated
A: almost no armour, amphibious, 8 rings, camouflage 1, gelatinous body 1,
nimble swimmer 1, tentacles, devolution 1
a: no special abilities


You were on level 1 of the Dungeon.
You visited 1 branch of the dungeon, and saw 1 of its levels.

You collected 34 gold pieces.

Inventory:

Hand Weapons
 e - a +0 dagger (weapon)
Scrolls
 b - a scroll of identify {unknown}
 c - a scroll of enchant armour {unknown}
 f - 2 scrolls of teleportation {unknown}
Potions
 a - a potion of magic
 d - a potion of enlightenment
 h - a potion of invisibility {unknown}


   Skills:
 + Level 0.1 Fighting
 + Level 2.0 Dodging
 + Level 2.6 Stealth
 + Level 2.4 Spellcasting
 + Level 4.3 Conjurations


You had 2 spell levels left.
You knew the following spells:

 Your Spells              Type           Power      Damage    Failure   Level
a - Magic Dart            Conj           76%        1d6       2%          1
b - Searing Ray           Conj           38%        2d5       3%          2

Your spell library contained the following spells:

 Spells                   Type           Power      Damage    Failure   Level
 Fulminant Prism          Conj/Alch      5%         3d7       52%         4
 Iskenderun's Mystic Bla  Conj/Tloc      11%        2d4       52%         4


Dungeon Overview and Level Annotations

Branches:
Dungeon (1/15)

Altars:


Innate Abilities, Weirdness & Mutations

You cannot wear most types of armour.
You are amphibious.
You can wear up to eight rings at the same time.
Your skin changes colour to match your surroundings (Stealth+).
Your rubbery body absorbs attacks. (AC +1, EV +1)
You are camouflaged when in or above water. (Stealth+)
You have tentacles for arms and can constrict up to eight enemies at once.
You have hidden genetic defects.


Message History

The frilled lizard attacks as it pursues you!
The frilled lizard barely misses you. The frilled lizard bites you.
The frilled lizard attacks as it pursues you!
The frilled lizard barely misses you.
Casting: Magic Dart (safe; 2% risk of failure)
Confirm with . or Enter, or press ? or * to list all spells.
Aiming: Searing Ray (safe; 3% risk of failure)
Press: ? - help, Shift-Dir - straight line, f - frilled lizard, p - frilled lizard
Aim: a frilled lizard (63% to hit)
You miscast Searing Ray.
You are very lightly contaminated with residual magic.
Nothing appears to happen.
The frilled lizard misses you.
Casting: Searing Ray (safe; 3% risk of failure)
Confirm with . or Enter, or press ? or * to list all spells.
Aiming: Searing Ray (safe; 3% risk of failure)
Press: ? - help, Shift-Dir - straight line, f/p - frilled lizard
Aim: a frilled lizard (63% to hit)
The searing ray hits the frilled lizard!
You kill the frilled lizard!
The searing ray misses the frilled lizard. (Press . to maintain the ray.)
The frilled lizard barely misses you. The frilled lizard bites you.
* * * LOW HITPOINT WARNING * * *
The frilled lizard barely misses you.
It was a potion of enlightenment.
You feel very buoyant.
You fly up into the air.
The frilled lizard barely misses you.
The frilled lizard hisses.
The frilled lizard bites you.
* * * LOW HITPOINT WARNING * * *
The frilled lizard bites you.
* * * LOW HITPOINT WARNING * * *
The frilled lizard closely misses you.
It was a potion of mutation.
You feel extremely strange.
You feel a little pissed off.
You feel a hidden malignance growing inside you.
You feel a little more calm. The frilled lizard misses you.
The frilled lizard bites you.
You die...

... ##### ..# .!..
..# #.. ..# # #.#
..# #. ##.#### ..)
#.####+##.....#.##
##
#........ll~~.....
..
#........l@~~~.#
##
#........†l~~~.#
#........~~~~~.#
#####
#........~~~~~....
.....
####.###...~~...##
##### #.#
###....#.# #.#
#......# #.###
######## #######
#...# #......


You could see 4 frilled lizards.

Vanquished Creatures
  A dart slug (D:1)
  An endoplasm (D:1)
  3 goblins (D:1)
  A hobgoblin (D:1)
  A kobold (D:1)
  2 ball pythons (D:1)
  A bat (D:1)
  5 frilled lizards (D:1)
  A rat (D:1)
16 creatures vanquished.

Notes
Turn   | Place    | Note
-------+----------+-------------------------------------------
     0 | D:1      | PriceMaster the Octopode Conjurer began the quest for the
                  | Orb.
     0 | D:1      | Reached XP level 1. HP: 11/11 MP: 3/3
   222 | D:1      | Reached XP level 2. HP: 17/17 MP: 0/5
   337 | D:1      | Learned a level 2 spell: Searing Ray
   553 | D:1      | Gained mutation: You sometimes lose your temper in combat.
                  | [potion of mutation]
   553 | D:1      | Gained mutation: You have hidden genetic defects. [potion
                  | of mutation]
   553 | D:1      | Lost mutation: You sometimes lose your temper in combat.
                  | [potion of mutation]
   553 | D:1      | Slain by a frilled lizard

Illustrated notes

Levels and vault maps discovered:
D:1:      tekkud_arrival_beachfront_property, layout_basic, minmay_lizard_pond

Action                     || total
---------------------------++-------
  Melee: Unarmed           ||     6
         Constrict         ||     6
         Dagger            ||    13
         Tentacles         ||     2
   Cast: Magic Dart        ||    14
         Searing Ray       ||     1
    Use: Potion            ||     2
 Armour: Skin              ||    16
  Dodge: Dodged            ||    32

Table legend: (Time is in decaauts)
 A = Elapsed time spent in this place.
 B = Non-inter-level travel time spent in this place.
 C = Inter-level travel time spent in this place.
 D = Time resting spent in this place.
 E = Time spent auto-exploring this place.
 F = Levels seen in this place.
 G = Mean time per level.
                   A        B        C        D        E       F      G
               +--------+--------+--------+--------+--------+-----+--------+
         Total |    552 |    552 |      0 |      0 |    464 |   1 |  552.0 |
       Dungeon |    552 |    552 |      0 |      0 |    464 |   1 |  552.0 |
               +--------+--------+--------+--------+--------+-----+--------+

Top non-repeatable levels by time:
     D:1: 552 daAuts
